 Dungeon Crawl Stone Soup version bcrawl-1.13 (webtiles) character file.

Game seed: 6246265877132031062

117 Camlann the Chopper (level 4, -2/35 HPs)
             Began as a Demonspawn Archaeologist on July 27, 2019.
             Killed from afar by an orc wizard (3 damage)
             ... with a magic dart
             ... on level 3 of the Dungeon.
             The game lasted 00:03:02 (1943 turns).

Camlann the Chopper (Demonspawn Archaeologist)      Turns: 1943, Time: 00:03:02

Health: -2/35      AC:  7    Str: 12    XL:     4   Next: 71%
Magic:  0/4        EV: 12    Int: 12    God:
Gold:   71         SH:  0    Dex: 11    Spells: 3/3 levels left

rFire    + . .     SeeInvis .   a - +1 whip
rCold    + . .     Gourm    .   (no shield)
rNeg     . . .     Faith    .   b - +1 robe
rPois    +         Spirit   +   c - +1 hat
rElec    +         Reflect  .   (no cloak)
rCorr    +         Harm     .   h - +0 pair of gloves
MR       .....                  d - +1 pair of boots
Stlth    ++++......             (no amulet)
HPRegen  0.11/turn              j - ring of stealth
MPRegen  0.09/turn              l - -4 ring of intelligence (curse)

@: resistant, studying Axes
A: magic shield
a: no special abilities


You were on level 3 of the Dungeon.
You were not hungry.

You visited 1 branch of the dungeon, and saw 3 of its levels.

You collected 71 gold pieces.

Inventory:

Hand Weapons
 a - a +1 whip (weapon)
Armour
 b - a +1 robe (worn)
 c - a +1 hat (worn)
 d - a +1 pair of boots (worn)
 h - a +0 pair of gloves (worn)
Jewellery
 j - a ring of stealth (left hand)
 l - a cursed -4 ring of intelligence (right hand)
Scrolls
 i - 2 scrolls of remove curse
 m - 2 scrolls of identify {unknown}
Potions
 k - a potion of resistance
Books
 e - a manual of Axes
Miscellaneous
 f - an ancient crate
Comestibles
 g - 2 rations {!d}
 n - 2 chunks of flesh


   Skills:
 - Level 3.0 Fighting
 + Level 4.4 Axes
 - Level 0.8(2.8) Maces & Flails
 - Level 2.6 Dodging
 - Level 3.0 Stealth


You had 3 spell levels left.
You didn't know any spells.
Your spell library was empty.

Dungeon Overview and Level Annotations

Branches:
Dungeon (3/12)

Altars:
Hepliaklqana


Innate Abilities, Weirdness & Mutations

When hurt, damage is shared between your health and your magic reserves.


Message History

* * * LOW HITPOINT WARNING * * *
You hit the orc wizard.
The orc wizard hits you but does no damage.
The orc hits you with a +0 whip.
* * * LOW HITPOINT WARNING * * *
The orc wizard barely misses you. The orc wizard closely misses you.
You closely miss the orc wizard.
The orc wizard mumbles some strange words.
The orc wizard blinks!
The orc hits you but does no damage.
The orc wizard mumbles some strange words.
The orc wizard flickers and vanishes!
Deactivating autopickup; reactivate with Ctrl-A.
The orc wizard points at you and mumbles some strange words.
You resist with some effort. The orc barely misses you.
Something barely misses you. The orc hits you with a +0 whip.
* * * LOW HITPOINT WARNING * * *
The orc wizard gestures at you while chanting.
The magic dart hits you!
You die...

#.# #.............o...........
#.# #.........................
#.###.................%.?....#
#.#...........................
#.###........#...........<....
#.........).g#o...............
#####........#.........##.....
#######.o#........ #.##..
#.o@....... #.##..
#.........### #.##..
#.......?.# #.##.. #.........#
#.##.. #.........# #. #..
#.........# ### #.........#
#.........#


You could see an orc wizard, 2 orcs and a hobgoblin.

Vanquished Creatures
  Terence (D:2)
  An adder (D:3)
  An ooze (D:2)
  4 worms
  3 dart slugs
  3 leopard geckos
  2 orcs (D:3)
  A ball python (D:2)
  7 bats
  2 goblins
  6 hobgoblins
  9 jackals
  3 frilled lizards (D:1)
  8 kobolds
  5 rats
56 creatures vanquished.

Notes
Turn   | Place    | Note
-------+----------+-------------------------------------------
     0 | D:1      | Camlann the Demonspawn Archaeologist began the quest for
                  | the Orb.
     0 | D:1      | Reached XP level 1. HP: 15/15 MP: 1/1
   263 | D:1      | Gained mutation: When hurt, damage is shared between your
                  | health and your magic reserves. [demonic ancestry]
   263 | D:1      | Reached XP level 2. HP: 22/22 MP: 2/2
  1098 | D:2      | Reached XP level 3. HP: 29/29 MP: 3/3
  1108 | D:2      | Reached skill level 1 in Axes
  1196 | D:2      | Reached skill level 2 in Axes
  1444 | D:2      | Noticed Terence
  1456 | D:2      | Killed Terence
  1456 | D:2      | Reached skill level 3 in Axes
  1456 | D:2      | Reached XP level 4. HP: 14/35 MP: 1/4
  1686 | D:2      | Found a hazy altar of Hepliaklqana.
  1837 | D:3      | Reached skill level 4 in Axes
  1942 | D:3      | HP: 1/35 [orc/+0 whip (5)]
  1943 | D:3      | Killed from afar by an orc wizard

Skill      XL: |  1  2  3  4 |
---------------+-------------+-----
Fighting       | 2 3 |  3.0
Axes           | 3 4 |  4.4
Maces & Flails | |  0.8
Dodging        | |  2.6
Stealth        | |  3.0

Action                   |  1- 3 |  4- 6 || total
-------------------------+-------+-------++-------
Melee: Whip              |   178 |    74 ||   252
  Use: Scroll            |     3 |       ||     3
       Potion            |     2 |     1 ||     3
 Stab: Sleeping          |     6 |     2 ||     8
  Eat: Chunk             |     2 |     2 ||     4
Armor: Robe              |   143 |    22 ||   165
Dodge: Dodged            |   209 |    63 ||   272
